 Dungeon Crawl Stone Soup version 0.24-a0-762-gca426f5 (webtiles) character file.

Game seed: 15192107402537277627, levelgen mode: deterministic

17983 BoppinsLewinski the Cleaver (level 12, -1/97 HPs)
             Began as a Formicid Fighter on Oct 3, 2019.
             Was an Initiate of Gozag.
             Slain by a sun demon (10 damage)
             ... summoned by an obsidian statue
             ... in a Gauntlet.
             The game lasted 00:44:40 (13673 turns).

BoppinsLewinski the Cleaver (Formicid Fighter)     Turns: 13673, Time: 00:44:41

Health: -1/97      AC: 15    Str: 25    XL:     12   Next: 89%
Magic:  27/27      EV: 12    Int:  8    God:    Gozag
Gold:   1578       SH: 13    Dex: 18    Spells: 11/11 levels left

rFire    . . .     SeeInvis +   x - +11 hand axe of Currency {venom, rC+ MP+9 Dex+2}
rCold    + . .     Gourm    .   c - +0 shield
rNeg     . . .     Faith    .   A - +0 plate armour
rPois    .         Spirit   .   (helmet unavailable)
rElec    .         Reflect  .   u - +0 cloak (curse)
rCorr    +         Harm     .   (no gloves)
MR       +....                  (no boots)
Stlth    ..........             (no amulet)
HPRegen  0.26/turn              E - ring of resist corrosion
MPRegen  0.20/turn              (no ring)

@: agile, mesmerised
A: permanent stasis, dig shafts and tunnels, four strong arms, antennae 3
a: Dig, Shaft Self, Potion Petition, Call Merchant, Bribe Branch, Renounce
Religion


You were in a Gauntlet.
You worshipped Gozag.
Gozag was most pleased with you.
You were not hungry.

You visited 3 branches of the dungeon, and saw 15 of its levels.
You also visited: Gauntlet.

You collected 2759 gold pieces.
You spent 48 gold pieces at shops.
You paid 1133 gold pieces to Gozag.

Inventory:

Hand Weapons
 a - a +0 war axe
 x - the +11 hand axe of Currency (weapon) {venom, rC+ MP+9 Dex+2}
   (You found it on level 7 of the Dungeon)

   It poisons the flesh of those it strikes.
   It affects your dexterity (+2).
   It protects you from cold.
   It affects your magic capacity (+9).
Armour
 c - a +0 shield (worn)
 u - a cursed +0 cloak (worn)
 A - a +0 plate armour (worn)
Jewellery
 E - a ring of resist corrosion (left hand)
Wands
 p - a wand of random effects (35)
 r - a wand of flame (3)
 t - a wand of digging (2)
 C - a wand of polymorph (11)
 H - a wand of paralysis (3)
Scrolls
 b - a scroll of amnesia
 e - 2 scrolls of enchant weapon
 j - 5 scrolls of remove curse
 k - a scroll of noise {unknown}
 l - 5 scrolls of enchant armour {unknown}
 m - 2 scrolls of immolation {unknown}
 n - 2 scrolls of blinking {unknown}
 q - 3 scrolls of fear {unknown}
 s - 3 scrolls of magic mapping
 v - 3 scrolls of fog
 w - 2 scrolls of identify
 I - a scroll of brand weapon
Potions
 g - a potion of mutation
 i - 3 potions of lignification
 o - 3 potions of cancellation
 B - 2 potions of flight
 D - 3 potions of ambrosia
 F - a potion of magic
 G - 2 potions of curing
Comestibles
 f - 23 rations


   Skills:
 + Level 9.7 Fighting
 - Level 12.0 Axes
 + Level 9.7 Armour
 + Level 10.5 Shields
 + Level 8.9 Evocations


You had 11 spell levels left.
You didn't know any spells.
Your spell library contained the following spells:

 Spells                   Type           Power        Failure   Level  Hunger
 Animate Skeleton         Necr           N/A          99%         1    ##.....
 Apportation              Tloc           #.....       99%         1    ##.....
 Confusing Touch          Hex            #.....       99%         1    ##.....
 Magic Dart               Conj           #...         99%         1    ##.....
 Summon Small Mammal      Summ           #...         99%         1    ##.....
 Searing Ray              Conj           #.....       100%        2    ###....
 Confuse                  Hex            #.......     100%        3    ####...
 Dazzling Spray           Conj/Hex       #.....       100%        3    ####...
 Gell's Gravitas          Tloc           #.........   100%        3    ####...
 Force Lance              Conj/Tloc      #.......     100%        4    #####..
 Fulminant Prism          Conj/Hex       #.........   100%        4    #####..
 Iskenderun's Mystic Bla  Conj           #.......     100%        4    #####..
 Petrify                  Tmut/Erth      #.......     100%        4    #####..
 Metabolic Englaciation   Hex/Ice        #.........   100%        5    ######.
 Yara's Violent Unravell  Hex/Tmut       #.........   100%        5    ######.


Dungeon Overview and Level Annotations

Branches:
Dungeon (11/15)            Temple (1/1) D:4            Lair (3/6) D:11
 Shoals (0/4) Lair:3       Spider (0/4) Lair:2          Orc (0/2) D:11
Gauntlet (1/1)

Altars:
Ashenzari
Cheibriados
Dithmenos
Elyvilon
Fedhas
Gozag
Hepliaklqana
Kikubaaqudgha
Makhleb
Nemelex Xobeh
Okawaru
Qazlal
Ru
Sif Muna
Trog
Uskayaw
Vehumet
Wu Jian
Xom
Yredelemnul
Zin
The Shining One

Shops:
D:7 !   D:9 ??

Annotations:
Gauntlet 8 transporters, 2 runed translucent doors, exclusion: obsidian statue


Innate Abilities, Weirdness & Mutations

You cannot be hasted, slowed, berserked, paralysed or teleported.
You can dig through walls and to a lower floor.
Your four strong arms can wield two-handed weapons with a shield.
You have a pair of large antennae on your head. (SInv)


Message History

Tha sun demon hits ye!!
Ye be 'ngulfed in flames!
* * * LOW HITPOINT WARNIN'
* * * Ye hear a shout!
Unknown command.
Ye hit tha sun demon.
Tha sun demon be lightly wounded.
Tha sun demon hits ye but does nay damage.
Unknown command.
Evoke which item? (* ta show all) (? fer menu, 'sc ta quit) Aimin': Throw Flame
Press: ? - help, Shift-Dir - straight line, f/p - obsidian statue
Aim: an obsidian statue (heavily damaged, mesmerisin') Tha puff o' flame hits tha sun demon.
Tha sun demon completely resists.
Tha sun demon be lightly wounded.
Tha obsidian statue's eyes glow briefly.
Tha sun demon hits ye!
* * * LOW HITPOINT WARNIN'
* * * Ye be 'ngulfed in flames!
Ye die...
Yer body crumbles inta a pile o' gold.

## ### ### ### ##
##≈###≈###≈###≈###≈##
####≈≈≈#≈≈≈#≈≈≈#≈≈≈#≈≈≈#
#≈≈..................≈#
#≈..P....#########...##
#..PP.P♣.#^...558#.♣.≈##
.....P...#..####4#.P.≈≈#
.♣.♣P♣.###.#..^#3#...≈##
.......#©#.#.©.#@#.P.##
########.#.#^..#.#.♣.≈##
©#...'.#.#.####..#.P.≈≈#
.#.###.#.#...{..^#...≈##
...#...#.#########.P.##
####.###©#.........♣.≈##
...).#©#.#########...≈≈#
.#####.#.#...3333#...≈##
.....).#.#.#.###?#...##


You could see an obsidian statue, a sun demon, an ice devil, 4 sixfirhies, a
white imp and a shadow imp.

Vanquished Creatures
  Harold (D:10)
  A two-headed ogre (D:8)
  A wizard (Gauntlet)
  An orb spider (Lair:2)
  2 ugly things (D:11)
  A black mamba (Lair:1)
  2 spiny frogs
  A komodo dragon (shapeshifter) (Gauntlet)
  4 komodo dragons
  A troll (D:9)
  2 polar bears
  A hornet (D:9)
  Prince Ribbit (D:5)
  A hippogriff (D:11)
  A human (D:10)
  6 yaks
  A basilisk (Lair:2)
  3 hogs (D:10)
  A golden eye (shapeshifter) (Gauntlet)
  A hungry ghost (D:10)
  2 porcupines
  5 water moccasins
  4 sky beasts
  4 orc warriors
  6 ice beasts
  A phantom (D:6)
  6 ogres
  30 wolves
  5 centaurs
  3 big kobolds
  5 crocodiles
  10 bullfrogs
  A big kobold (shapeshifter) (Gauntlet)
  6 scorpions
  3 wights (D:11)
  11 killer bees (D:10)
  A howler monkey (D:6)
  3 electric eels (Lair:2)
  7 crimson imps
  2 jellies
  10 hounds
  14 orc wizards
  7 orc priests
  3 iguanas
  10 worker ants
  A human simulacrum (D:11)
  A howler monkey skeleton (D:9)
  9 adders
  7 gnolls
  4 shadow imps
  An adder zombie (D:8)
  An adder skeleton (D:6)
  2 worms
  A dart slug (D:3)
  3 leopard geckos
  43 orcs
  2 ball pythons
  6 giant cockroaches
  9 goblins
  7 hobgoblins
  23 jackals
  23 kobolds
  2 quokkas
  5 bats
  4 frilled lizards
  A leopard gecko skeleton (D:4)
  12 rats
  2 fungi (Lair:2)
361 creatures vanquished.

Vanquished Creatures (others)
  A human simulacrum (D:11)
1 creature vanquished.

Grand Total: 362 creatures vanquished

Notes
Turn   | Place    | Note
-------+----------+-------------------------------------------
     0 | D:1      | BoppinsLewinski the Formicid Fighter began the quest for
                  | the Orb.
     0 | D:1      | Reached XP level 1. HP: 18/18 MP: 1/1
   148 | D:1      | Reached XP level 2. HP: 24/24 MP: 2/2
   697 | D:1      | Reached XP level 3. HP: 29/29 MP: 3/3
   830 | D:2      | Found a stormy altar of Qazlal.
  1054 | D:2      | Reached XP level 4. HP: 37/37 MP: 4/4
  1084 | D:2      | Found a faded altar of an unknown god.
  1130 | D:2      | Reached skill level 3 in Axes
  1558 | D:3      | Reached XP level 5. HP: 11/42 MP: 5/5
  1563 | D:3      | Reached skill level 1 in Evocations
  1973 | D:3      | Found a hide-covered altar of Uskayaw.
  2230 | D:3      | Found a shimmering altar of Xom.
  2400 | D:4      | Reached skill level 4 in Axes
  2400 | D:4      | Reached XP level 6. HP: 35/48 MP: 5/7
  2646 | D:4      | Got a pitted ring mail
  2647 | D:4      | Identified the cursed +0 ring mail "Ekhloet" {rF+} (You
                  | found it on level 4 of the Dungeon)
  2824 | D:4      | Reached XP level 7. HP: 39/55 MP: 8/8
  2893 | D:4      | Reached skill level 5 in Axes
  3788 | D:4      | Found a staircase to the Ecumenical Temple.
  3798 | Temple   | Entered the Ecumenical Temple
  3845 | Temple   | Became a worshipper of Gozag Ym Sagoz the Greedy
  3921 | D:5      | Entered Level 5 of the Dungeon
  4011 | D:5      | Reached skill level 6 in Axes
  4337 | D:5      | Noticed Prince Ribbit
  4351 | D:5      | Killed Prince Ribbit
  4351 | D:5      | Reached skill level 7 in Axes
  4351 | D:5      | Reached XP level 8. HP: 58/61 MP: 9/9
  4783 | D:5      | Found a shimmering blue altar of Sif Muna.
  4889 | D:6      | Found an iron altar of Okawaru.
  4935 | D:6      | Reached skill level 8 in Axes
  5141 | D:6      | Reached skill level 9 in Axes
  5314 | D:6      | Reached XP level 9. HP: 37/66 MP: 10/10
  5341 | D:6      | Found a sparkling altar of Nemelex Xobeh.
  5363 | D:6      | Reached skill level 10 in Axes
  6197 | D:7      | Reached skill level 11 in Axes
  6211 | D:7      | Found a radiant altar of Vehumet.
  6211 | D:7      | Found a snail-covered altar of Cheibriados.
  6211 | D:7      | Found a glowing golden altar of the Shining One.
  6212 | D:7      | Found a hazy altar of Hepliaklqana.
  6821 | D:7      | Found Lekum's Distillery.
  6845 | D:7      | Found a shimmering altar of Xom.
  6986 | D:7      | Got a bloodstained hand axe
  6987 | D:7      | Identified the +11 hand axe of Currency {venom, rC+ MP+9
                  | Dex+2} (You found it on level 7 of the Dungeon)
  7275 | D:8      | Reached XP level 10. HP: 73/73 MP: 11/11
  7328 | D:8      | Reached skill level 12 in Axes
  7549 | D:8      | Reached skill level 5 in Shields
  7716 | D:8      | Noticed a two-headed ogre
  7727 | D:8      | Killed a two-headed ogre
  7727 | D:8      | Reached skill level 5 in Fighting
  7727 | D:8      | Reached skill level 5 in Armour
  8088 | D:9      | Found Jacroif's Magic Scroll Shop.
  8321 | D:9      | Bought a scroll of identify for 24 gold pieces
  8321 | D:9      | Bought a scroll of identify for 24 gold pieces
  8554 | D:9      | Found Ziupihum's Magic Scroll Emporium.
  8694 | D:10     | Entered Level 10 of the Dungeon
  8925 | D:10     | Reached skill level 5 in Evocations
  8925 | D:10     | Reached XP level 11. HP: 66/83 MP: 14/14
  9002 | D:10     | Noticed Harold
  9012 | D:10     | Killed Harold
  9510 | D:10     | Found a blossoming altar of Fedhas.
  9974 | D:11     | Noticed a white ugly thing
  9977 | D:11     | Killed a white ugly thing
 10273 | D:11     | Found a staircase to the Lair.
 10424 | D:11     | Found a staircase to the Orcish Mines.
 10541 | D:11     | Noticed a cyan ugly thing
 10548 | D:11     | Killed a cyan ugly thing
 10766 | Lair:1   | Entered Level 1 of the Lair of Beasts
 11081 | Lair:1   | Reached XP level 12. HP: 94/94 MP: 17/17
 12744 | Lair:2   | Found a hole to the Spider Nest.
 12843 | Lair:2   | Reached skill level 10 in Shields
 13358 | Lair:3   | Found a gate leading to a gauntlet.
 13389 | Gauntlet | Entered a Gauntlet
 13389 | Gauntlet | Found a transporter.
 13396 | Gauntlet | Found a transporter.
 13398 | Gauntlet | Found a transporter.
 13407 | Gauntlet | Found a transporter.
 13409 | Gauntlet | Found a transporter.
 13414 | Gauntlet | Found a runed translucent door.
 13416 | Gauntlet | Found a runed translucent door.
 13418 | Gauntlet | Found a transporter.
 13428 | Gauntlet | Noticed a catoblepas
 13435 | Gauntlet | Found a transporter.
 13445 | Gauntlet | Found a transporter.
 13455 | Gauntlet | Found a transporter.
 13469 | Gauntlet | Found a transporter.
 13472 | Gauntlet | Found a runed translucent door.
 13480 | Gauntlet | Found a transporter.
 13481 | Gauntlet | Noticed a sixfirhy
 13484 | Gauntlet | Found a transporter.
 13485 | Gauntlet | Noticed a wizard
 13557 | Gauntlet | Found a transporter.
 13570 | Gauntlet | Noticed a sixfirhy
 13574 | Gauntlet | Killed a wizard
 13583 | Gauntlet | Noticed a sixfirhy
 13583 | Gauntlet | Noticed a sixfirhy
 13655 | Gauntlet | Noticed a sun demon
 13673 | Gauntlet | Slain by a sun demon

Levels and vault maps discovered:
D:1:      lemuel_arrival_muddy, layout_loops_corners
D:2:      layout_rooms, old_standard_altar, chequers_ecumenical_altar_simple,
          minivault_4
D:3:      layout_basic, nicolae_overflow_crystal_walls, tgw_xom
D:4:      layout_basic, lemuel_temple_firewalk_b, first_ration,
          grunt_ministairs_15, kennysheep_generic_room_13
D:5:      layout_loops_ring, tgw_sif, minivault_27, moated_statue,
          uniq_prince_ribbit1
D:6:      wander_river, layout_basic, lemuel_round_altar, okawaru_trees_1
D:7:      layout_loops_ring, grunt_temple_overflow_open, serial_shops, shop,
          basic_altar, roderic_cross_of_infinity
D:8:      layout_gridville
D:9:      layout_layer_cave, serial_shops, shop, shop
D:10:     layout_long_grid, basic_altar, grunt_livestock, uniq_harold
D:11:     layout_irregular_city, lair_entry_dummy, orc_0_dummy,
          eino_tiny_chamber, bh_circular_ruins
Temple:   dshaligram_water_room_temple
Lair:1:   layout_regular_city
Lair:2:   layout_chaotic_city, nicolae_spider_entry_orb_guardian,
          serial_bayou_ford_a, grunt_forest_large_clearings
Lair:3:   layout_cave_pods, minmay_shoals_entry_hut, gauntlet_entry_generic,
          st_stairs_8, grunt_megastairs_3
Gauntlet: minmay_gauntlet_77_tree [minmay_gauntlet_arena_77_squiggly,
          minmay_gauntlet_arena_77_path, minmay_gauntlet_arena_77_broken_ladder,
          minmay_gauntlet_arena_77_box, minmay_gauntlet_arena_77_block_sizes,
          minmay_gauntlet_arena_77_checkered,
          minmay_gauntlet_arena_77_shame_cube,
          nicolae_gauntlet_exit_dead_adventurers]

Skill      XL: |  1  2  3  4  5  6  7  8  9 10 11 12 |
---------------+-------------------------------------+-----
Shields        | 4 7 9 10 | 10.5
Axes           | 3 4 7 9 11 12 | 12.0
Fighting       | 4 6 8 9 |  9.7
Evocations     | 1 5 7 8 |  8.9
Armour         | 4 6 8 9 |  9.7

Action                   |  1- 3 |  4- 6 |  7- 9 | 10-12 || total
-------------------------+-------+-------+-------+-------++-------
Melee: War axe           |   127 |   197 |   293 |       ||   617
       Hand axe          |       |       |    22 |   668 ||   690
Invok: Potion Petition   |       |       |     1 |     3 ||     4
 Abil: Dig               |       |       |     3 |    10 ||    13
Evoke: Wand              |       |     1 |     9 |    43 ||    53
  Use: Potion            |       |     7 |     4 |     5 ||    16
       Scroll            |       |     6 |     3 |    11 ||    20
 Stab: Paralysed         |       |     2 |       |     5 ||     7
       Invisible         |       |     1 |     1 |    10 ||    12
  Eat: Chunk             |       |     6 |     2 |       ||     8
       Ration            |       |       |     4 |     7 ||    11
Armor: Scale mail        |    56 |    73 |    62 |       ||   191
       Chain mail        |       |       |    29 |    29 ||    58
       Plate armour      |       |       |       |   149 ||   149
Dodge: Dodged            |    45 |    65 |    61 |    99 ||   270
Block: Shield            |    74 |   107 |   124 |   256 ||   561

Table legend:
 A = Non-vault XP
 B = Vault XP
 C = Vault XP percentage of total XP
 D = Non-vault monster count
 E = Vault monster count
 F = Vault count percentage of total count
                 A         B        C        D         E       F
            +---------+---------+-------+---------+---------+-------
      Total |   18735 |    6955 |  27.1 |     313 |      46 |  12.8
            +---------+---------+-------+---------+---------+-------
        D:1 |      30 |       0 |   0.0 |      20 |       0 |   0.0
        D:2 |      46 |       0 |   0.0 |      20 |       0 |   0.0
        D:3 |     169 |      12 |   6.6 |      24 |       7 |  22.6
        D:4 |     287 |     136 |  32.2 |      19 |       2 |   9.5
        D:5 |     351 |     304 |  46.4 |      12 |       2 |  14.3
        D:6 |    1121 |       0 |   0.0 |      18 |       0 |   0.0
        D:7 |    1142 |       0 |   0.0 |      35 |       0 |   0.0
        D:8 |    1907 |       0 |   0.0 |      28 |       0 |   0.0
        D:9 |    1348 |       0 |   0.0 |      28 |       0 |   0.0
       D:10 |    2384 |    1937 |  44.8 |      51 |       6 |  10.5
       D:11 |    2146 |      24 |   1.1 |      13 |       1 |   7.1
     Lair:1 |    3709 |       0 |   0.0 |      19 |       0 |   0.0
     Lair:2 |    2775 |    3166 |  53.3 |      20 |      21 |  51.2
     Lair:3 |    1320 |       0 |   0.0 |       6 |       0 |   0.0
   Gauntlet |       0 |    1376 | 100.0 |       0 |       7 | 100.0
            +---------+---------+-------+---------+---------+-------
